 Dungeon Crawl Stone Soup version 0.30-a0-509-gd016549fea (webtiles) character file.

Game seed: 5644224694094053289

109 HoaS the Shooter (level 4, 0/26 HPs)
             Began as a Tengu Hunter on Dec 22, 2022.
             Slain by a scorpion (1 damage)
             ... on level 2 of the Dungeon.
             The game lasted 00:03:14 (1377 turns).

HoaS the Shooter (Tengu Hunter)                     Turns: 1377, Time: 00:03:15

Health: 0/26       AC:  4    Str: 11    XL:     4   Next: 89%
Magic:  5/5        EV: 12    Int:  9    God:
Gold:   61         SH:  0    Dex: 20    Spells: 3/3 levels left

rFire   . . .      SeeInvis .    a - +1 shortbow
rCold   . . .      Faith    .    (shield currently unavailable)
rNeg    . . .      Spirit   .    c - +1 leather armour
rPois   .          Reflect  .    (helmet restricted)
rElec   .          Harm     .    (no cloak)
rCorr   .          Rampage  .    (no gloves)
Will    .....                    (boots unavailable)
Stlth   ++........               (no amulet)
HPRegen 0.24/turn                (no ring)
MPRegen 0.09/turn                (no ring)

@: lethally poisoned (0 -> -13)
A: beak, talons 3
a: no special abilities


You were on level 2 of the Dungeon.
You visited 1 branch of the dungeon, and saw 3 of its levels.

You collected 61 gold pieces.

Inventory:

Hand Weapons
 a - a +1 shortbow (weapon)
Armour
 c - a +1 leather armour (worn)
Scrolls
 b - a scroll of immolation
 l - a scroll of enchant armour
Potions
 d - a potion of resistance
 e - a potion of berserk rage
 f - a potion of ambrosia
 i - a potion of haste {unknown}


   Skills:
 - Level 2.0 Fighting
 + Level 6.6 Ranged Weapons
 - Level 2.1 Dodging
 - Level 1.0 Stealth


You had 3 spell levels left.
You didn't know any spells.
Your spell library contained the following spells:

 Spells                   Type           Power      Damage    Failure   Level
 Blink                    Tloc           0%         N/A       63%         2
 Momentum Strike          Conj/Tloc      0%         3d8       63%         2
 Lesser Beckoning         Tloc           0%         N/A       85%         3


Dungeon Overview and Level Annotations

Branches:
Dungeon (3/15)

Altars:
Xom


Innate Abilities, Weirdness & Mutations

You have a beak for a mouth.
You have claws for feet.


Message History

The adder is severely wounded.
The adder barely misses you.
You shoot an arrow. The arrow misses the adder.
The adder closely misses you. The adder misses you.
You shoot an arrow. The arrow hits the adder!
You kill the adder!
No target in view!
You open the door.
There is an open door here.
You enter the shallow water.
Moving in this stuff is going to be slow.
There is a stone staircase leading up here.
A hobgoblin and a scorpion come into view.
You see here a gold piece.
There are monsters nearby!
You shoot an arrow. The arrow hits the hobgoblin.
You kill the hobgoblin!
You hear a shout!
You hear a bark! x2
A kobold comes into view. It is wielding a +0 dagger.
There is a stone staircase leading up here.
The scorpion stings you. The scorpion stings you!
You are poisoned.
The scorpion poisons you!
You climb upwards.
You feel very sick.
There is a stone staircase leading down here.
Okay, then.
You shoot an arrow.
The arrow hits the scorpion but does no damage.
You feel very sick. The scorpion stings you!
* * * LOW HITPOINT WARNING * * *
You are more poisoned.
The scorpion poisons you!
You shoot an arrow.
The arrow completely misses the scorpion.
* * * LOW HITPOINT WARNING * * *
You feel very sick. The scorpion stings you.
You die...

##### ##...## ##⌠.@.⌠##
#....s..### #####
#.<.⌠...).# ....#
#.......#.# ....#
##⌠.>.⌠##.#### ....#
#########...##.....#
....###......######.)....#
....##...........#.......#
.............†...#.###.###


You could see a scorpion.

Vanquished Creatures
  4 adders
  3 worms (D:2)
  A dart slug (D:2)
  5 bats
  7 endoplasms
  A giant cockroach (D:2)
  4 goblins
  6 hobgoblins
  12 ball pythons
  3 frilled lizards
  8 kobolds
  5 rats
59 creatures vanquished.

Notes
Turn   | Place    | Note
-------+----------+-------------------------------------------
     0 | D:1      | HoaS the Tengu Hunter began the quest for the Orb.
     0 | D:1      | Reached XP level 1. HP: 12/12 MP: 2/2
   117 | D:1      | Reached XP level 2. HP: 17/17 MP: 3/3
   132 | D:1      | Reached skill level 5 in Ranged Weapons
   374 | D:1      | Reached XP level 3. HP: 15/21 MP: 4/4
   700 | D:2      | Found a shimmering altar of Xom.
   907 | D:2      | Reached skill level 6 in Ranged Weapons
   907 | D:2      | Reached XP level 4. HP: 23/26 MP: 5/5
  1357 | D:3      | Noticed a scorpion
  1377 | D:2      | HP: 1/26 [poisoned by a scorpion]
  1377 | D:2      | Slain by a scorpion

Illustrated notes

Levels and vault maps discovered:
D:1:      ncdulo_smallfort, layout_basic, st_stairs_2
D:2:      layout_basic, basic_altar, grunt_ministairs_7, hex_tiny,
          minmay_pentomino_x4
D:3:      minmay_spotlight, layout_basic, mainiacjoe_overflow_24_doors,
          lemuel_zombie_altar_yredelemnul, serial_rivers,
          chequers_serial_rivers_small_3, chequers_serial_rivers_micro_b,
          chequers_serial_rivers_large_a, chequers_serial_rivers_micro_c,
          chequers_serial_rivers_large_b, dilly_ecumenical_altar_fadedgnrine

Skill      XL: |  1  2  3 |
---------------+----------+-----
Ranged Weapons | 5 6 |  6.6
Fighting       | |  2.0
Dodging        | |  2.1
Stealth        | |  1.0

Action                   |  1- 3 |  4- 6 || total
-------------------------+-------+-------++-------
 Fire: Shortbow          |    78 |    65 ||   143
  Use: Scroll            |     3 |     5 ||     8
Armor: Leather armour    |     2 |     9 ||    11
Dodge: Dodged            |     4 |    16 ||    20

Table legend: (Time is in decaauts)
 A = Elapsed time spent in this place.
 B = Non-inter-level travel time spent in this place.
 C = Inter-level travel time spent in this place.
 D = Time resting spent in this place.
 E = Time spent auto-exploring this place.
 F = Levels seen in this place.
 G = Mean time per level.
                   A        B        C        D        E       F      G
               +--------+--------+--------+--------+--------+-----+--------+
         Total |   1414 |   1363 |     51 |     10 |   1065 |   3 |  471.3 |
       Dungeon |   1414 |   1363 |     51 |     10 |   1065 |   3 |  471.3 |
               +--------+--------+--------+--------+--------+-----+--------+

Top non-repeatable levels by time:
     D:1: 672 daAuts
     D:2: 552 daAuts
     D:3: 188 daAuts
